 Dungeon Crawl Stone Soup version 0.24.1-4-ge52af88ad5 (webtiles) character file.

Game seed: 5157359331231894371, levelgen mode: deterministic

1566 Descartes the Magician (level 8, -1/41 HPs)
             Began as a Deep Elf Air Elementalist on Apr 18, 2020.
             Was a Follower of Dithmenos.
             Slain by LucaMisel's ghost (4 damage)
             ... on level 3 of the Dungeon.
             The game lasted 00:14:16 (5697 turns).

Descartes the Magician (Deep Elf Air Elementalist)  Turns: 5697, Time: 00:14:17

Health: -1/41      AC:  4    Str: 10    XL:     8   Next: 59%
Magic:  13/19      EV: 15    Int: 23    God:    Dithmenos [*.....]
Gold:   120        SH:  0    Dex: 15    Spells: 9/19 levels left

rFire    . . .     SeeInvis .   s - +0 dagger (flame)
rCold    . . .     Gourm    .   (no shield)
rNeg     . . .     Faith    .   w - +1 leather armour {rPois}
rPois    +         Spirit   .   (no helmet)
rElec    .         Reflect  .   (no cloak)
rCorr    .         Harm     .   (no gloves)
MR       +....                  (no boots)
Stlth    +++.......             (no amulet)
HPRegen  0.13/turn              p - ring of protection from magic
MPRegen  0.16/turn              (no ring)

@: mighty, very slightly contaminated, wreathed by umbra
A: no striking features
a: Renounce Religion


You were on level 3 of the Dungeon.
You worshipped Dithmenos.
Dithmenos was aware of your devotion.
You were hungry.

You visited 1 branch of the dungeon, and saw 4 of its levels.
You visited the Abyss 1 time.

You collected 120 gold pieces.

Inventory:

Hand Weapons
 f - a +0 short sword
 s - a +0 dagger of flaming (weapon)
Missiles
 q - 2 throwing nets (quivered)
Armour
 a - a +0 robe
 o - a +0 large shield
 w - a +1 leather armour of poison resistance (worn)
 x - a +0 troll leather armour {Purgy}
Jewellery
 p - a ring of protection from magic (left hand)
Wands
 v - a wand of paralysis (9)
Scrolls
 b - 2 scrolls of magic mapping {unknown}
 d - a scroll of remove curse {unknown}
 g - 4 scrolls of enchant armour {unknown}
 j - 3 scrolls of identify {unknown}
 k - a scroll of fear {unknown}
 t - a scroll of enchant weapon {unknown}
 y - a scroll of teleportation {unknown}
Potions
 e - a potion of curing
 h - a potion of cancellation {unknown}
 i - 2 potions of might
 l - a potion of degeneration {unknown}
 m - 2 potions of berserk rage {unknown}
 n - a potion of ambrosia {unknown}
 u - 2 potions of heal wounds {unknown}
Comestibles
 c - 4 rations


   Skills:
 + Level 5.6 Dodging
 + Level 5.9 Stealth
 * Level 4.1 Shields
 + Level 6.1 Spellcasting
 + Level 4.7 Conjurations
 + Level 5.1 Air Magic


You had 9 spell levels left.
You knew the following spells:

 Your Spells              Type           Power        Failure   Level  Hunger
a - Shock                 Conj/Air       ####         1%          1    None
b - Airstrike             Air            ####......   14%         4    ###....
c - Lightning Bolt        Conj/Air       ####......   38%         5    #####..

Your spell library contained the following spells:

 Spells                   Type           Power        Failure   Level  Hunger
 Static Discharge         Conj/Air       ####....     4%          3    #......
 Swiftness                Chrm/Air       ###.....     6%          2    None


Dungeon Overview and Level Annotations

Branches:
Dungeon (4/15)
 Temple: D:4-7

Altars:
Dithmenos
Okawaru

Annotations:
D:3 LucaMisel's ghost, amateur TrBe


Message History

The ynoxinul gestures at you. The iron shot misses you.
The flying skull gives a hideous shriek! x2
The flying skull barely misses you. The flying skull hits you!
The ynoxinul gestures.
An ancient zyme comes into view.
You feel yourself growing ill in the presence of the ancient zyme.
The flying skull hits you!
* * * LOW HITPOINT WARNING * * *
There is a gateway leading out of the Abyss here.
The flying skull hits you.
* * * LOW HITPOINT WARNING * * *
The flying skull hits you.
* * * LOW HITPOINT WARNING * * *
You pass through the gate.
Welcome back to the Dungeon!
Level annotation: LucaMisel's ghost, amateur TrBe LucaMisel's ghost misses you.
LucaMisel's ghost hits you.
You die...

######..............####
###..######......[...
#...## #.......... #...#
#.......... #...###
####.##....
#.....########.##....
#..............##....
#...W.###############
#...@.# #.[z### #...#
#...# #...# ###.# #.#
#.# #.#


You could see a flying skull and LucaMisel's ghost.

Vanquished Creatures
  Pikel (D:3)
  Sigmund (D:4)
  Edmund (D:4)
  Purgy (D:3)
  4 slaves (D:4)
  An ogre (D:2)
  A howler monkey (D:4)
  A hound (D:4)
  An orc priest (D:4)
  A centaur skeleton (D:4)
  5 orc wizards
  Ijyb (D:3)
  Terence (D:3)
  Natasha (thrice) (D:3)
  A worker ant (D:4)
  13 adders
  3 oozes
  3 worms
  3 dart slugs (D:3)
  3 leopard geckos
  10 orcs
  6 bats
  3 giant cockroaches
  7 goblins
  4 hobgoblins
  A quokka (D:3)
  A ball python (D:1)
  5 frilled lizards
  6 kobolds
  A leopard gecko skeleton (D:4)
  8 rats
101 creatures vanquished.

Vanquished Creatures (others)
  An ogre (D:4)
  A hound (D:4)
  An orc wizard (D:4)
  3 leopard geckos (D:4)
  An orc (D:4)
  A giant cockroach (D:4)
  A quokka (D:4)
9 creatures vanquished.

Grand Total: 110 creatures vanquished

Notes
Turn   | Place    | Note
-------+----------+-------------------------------------------
     0 | D:1      | Descartes the Deep Elf Air Elementalist began the quest for
                  | the Orb.
     0 | D:1      | Reached XP level 1. HP: 10/10 MP: 6/6
   256 | D:1      | Reached XP level 2. HP: 15/15 MP: 5/8
   945 | D:2      | Reached XP level 3. HP: 15/19 MP: 1/9
  1304 | D:2      | Reached XP level 4. HP: 24/24 MP: 0/11
  1466 | D:2      | Found a shadowy altar of Dithmenos.
  1475 | D:2      | Became a worshipper of Dithmenos the Shadowed
  1697 | D:2      | Noticed an ogre
  1703 | D:2      | Killed an ogre
  1703 | D:2      | Reached skill level 1 in Shields
  1703 | D:2      | Reached skill level 4 in Spellcasting
  1703 | D:2      | Reached XP level 5. HP: 28/28 MP: 5/13
  1764 | D:2      | Found an iron altar of Okawaru.
  2077 | D:3      | Noticed Purgy
  2099 | D:2      | Learned a level 4 spell: Airstrike
  2105 | D:2      | Learned a level 5 spell: Lightning Bolt
  2230 | D:3      | Noticed Natasha
  2244 | D:3      | Killed Natasha
  2709 | D:3      | Reached XP level 6. HP: 29/32 MP: 9/14
  2827 | D:3      | Reached * piety under Dithmenos
  2884 | D:3      | Noticed Natasha
  2891 | D:3      | Killed Natasha
  2945 | D:3      | Found an iron altar of Okawaru.
  3013 | D:3      | Noticed Natasha
  3018 | D:3      | Killed Natasha
  3229 | D:3      | Noticed Ijyb
  3244 | D:3      | Killed Ijyb
  3537 | D:4      | Reached XP level 7. HP: 33/36 MP: 12/16
  3776 | D:4      | Noticed Sigmund
  3787 | D:4      | Killed Sigmund
  3787 | D:4      | Reached skill level 5 in Spellcasting
  4067 | D:4      | Noticed Edmund
  4117 | D:4      | Killed Edmund
  4117 | D:4      | Reached skill level 5 in Stealth
  4820 | D:4      | Noticed Pikel
  4896 | D:3      | Killed Pikel
  4896 | D:3      | Reached skill level 5 in Dodging
  4896 | D:3      | Reached XP level 8. HP: 10/41 MP: 0/18
  5243 | D:3      | Killed Purgy
  5243 | D:3      | Reached skill level 6 in Spellcasting
  5243 | D:3      | Reached skill level 5 in Air Magic
  5297 | D:3      | Noticed Terence
  5305 | D:3      | Killed Terence
  5378 | D:3      | Found a runed translucent gate.
  5379 | D:3      | Found a runed translucent gate.
  5381 | D:3      | Found a runed translucent gate.
  5387 | D:3      | Noticed LucaMisel's ghost (amateur TrBe)
  5671 | D:3      | Cast into level 2 of the Abyss (LucaMisel's ghost)
  5684 | Abyss:2  | Noticed a flying skull
  5687 | Abyss:2  | Noticed a flying skull
  5690 | Abyss:2  | Noticed a flying skull
  5690 | Abyss:2  | Noticed a flying skull
  5690 | Abyss:2  | Noticed a flying skull
  5694 | Abyss:2  | Noticed an ancient zyme
  5697 | D:3      | Escaped the Abyss
  5697 | D:3      | Slain by LucaMisel's ghost

Levels and vault maps discovered:
D:1:      dpeg_arrival_shelter, layout_loops_ring, minmay_box_of_dots
D:2:      layout_rooms, lemuel_doored_altar, nicolae_dithmenos_shadow_blocks,
          first_ration
D:3:      layout_basic, gammafunk_ghost_split, okawaru_metal_pillars_1_2,
          uniq_ijyb, uniq_purgy, uniq_terence, uniq_natasha
D:4:      layout_gridville, ebering_ghost_disaster_area, xom_confusion_cloud,
          uniq_edmund, uniq_sigmund, uniq_pikel

Skill      XL: |  1  2  3  4  5  6  7  8 |
---------------+-------------------------+-----
Stealth        | 3 4 5 |  5.9
Dodging        | 3 4 5 |  5.6
Conjurations   | 2 3 4 |  4.7
Shields        | 1 2 3 4 |  4.1
Spellcasting   | 4 5 6 |  6.1
Air Magic      | 4 5 |  5.1

Action                   |  1- 3 |  4- 6 |  7- 9 || total
-------------------------+-------+-------+-------++-------
Melee: Unarmed           |     7 |       |       ||     7
       Dagger            |       |       |    24 ||    24
 Cast: Shock             |    71 |   164 |   100 ||   335
       Airstrike         |       |       |     6 ||     6
Evoke: Wand              |       |       |     1 ||     1
  Use: Potion            |       |       |     2 ||     2
 Stab: Paralysed         |       |       |     2 ||     2
       Distracted        |       |       |     1 ||     1
       Sleeping          |       |       |     1 ||     1
  Eat: Chunk             |     1 |     7 |     7 ||    15
Armor: Robe              |     5 |     2 |       ||     7
       Leather armour    |       |     1 |    14 ||    15
Dodge: Dodged            |    27 |    21 |    66 ||   114
